 Dungeon Crawl Stone Soup version 0.30.0 (webtiles) character file.

Game seed: 10167359073489678947

8430 olmar the Cleaver (level 11, -5/106 HPs)
             Began as a Naga Monk on May 6, 2023.
             Was an Initiate of Gozag.
             Slain by a bone dragon (13 damage)
             ... on level 2 of the Abyss.
             The game lasted 00:13:43 (9666 turns).

olmar the Cleaver (Naga Monk)                       Turns: 9666, Time: 00:13:45

Health: -5/106     AC:  6    Str: 24    XL:     11   Next: 30%
Magic:  2/2        EV: 14    Int: 10    God:    Gozag
Gold:   593        SH:  0    Dex: 21    Spells: 9/10 levels left

rFire   . . .        m - +8 hand axe "Kett" {elec, rElec Will++ MP-9 Str+2}
rCold   . . .        d - orb {light}
rNeg    + . .        b - +0 robe
rPois   +            g - +0 helmet
rElec   +            (no cloak)
rCorr   +            B - +0 pair of gloves
SInv    +            (no barding)
Will    ++++.        (no amulet)
Stlth   ++           M - ring "Sehuubuq" {Contam Will+ rCorr Str+5}
HPRegen 0.37/turn    J - ring of Qilobootz {rN+ Dex+6}
MPRegen 0.08/turn

%: no passive effects
@: about to teleport, gold aura, glowing, very slow
A: AC +3, large, see invisible, deformed body, poison resistance, slowness 2,
spit poison 1, naga tail 1
a: Spit Poison, Renounce Religion, Potion Petition, Call Merchant, Bribe Branch


You were on level 2 of the Abyss.
You worshipped Gozag.
Gozag was pleased with you.
You visited 2 branches of the dungeon, and saw 11 of its levels.
You visited the Abyss 1 time.

You collected 1739 gold pieces.
You spent 723 gold pieces at shops.
You paid 423 gold pieces to Gozag.

Inventory:

Hand Weapons
 a - a +0 mace
 m - the +8 hand axe "Kett" (weapon) {elec, rElec Will++ MP-9 Str+2}
   (You found it on level 4 of the Dungeon)

   Str:       It affects your strength (+2).
   rElec:     It insulates you from electricity.
   MP:        It affects your magic capacity (-9).
   Will:      It greatly increases your willpower.
Missiles
 A - 6 throwing nets
Armour
 b - a +0 robe (worn)
 d - an orb of light (worn)
 g - a +0 helmet (worn)
 B - a +0 pair of gloves (worn)
Jewellery
 p - a +6 ring of intelligence
 x - a ring of willpower
 y - a +5 ring of evasion
 E - a +6 ring of strength
 J - the ring of Qilobootz (right hand) {rN+ Dex+6}
   (You bought it in a shop on level 9 of the Dungeon)

   [ring of positive energy]

   Dex:       It affects your dexterity (+6).
   rN:        It protects you from negative energy.
 K - a ring of flight
 M - the ring "Sehuubuq" (left hand) {Contam Will+ rCorr Str+5}
   (You found it on level 10 of the Dungeon)

   [ring of willpower]

   Str:       It affects your strength (+5).
   Contam:    It causes magical contamination when unequipped.
   rCorr:     It protects you from acid and corrosion.
   Will:      It increases your willpower.
Wands
 u - a wand of paralysis (5)
 C - a wand of flame (16)
Scrolls
 f - 4 scrolls of fear
 h - 3 scrolls of immolation
 i - 3 scrolls of blinking {unknown}
 k - 5 scrolls of teleportation
 l - 2 scrolls of vulnerability {unknown}
 n - a scroll of brand weapon {unknown}
 r - 2 scrolls of noise {unknown}
 v - 2 scrolls of poison {unknown}
 z - a scroll of amnesia {unknown}
 D - 2 scrolls of torment {unknown}
 G - a scroll of enchant weapon {unknown}
 H - 4 scrolls of identify
 I - a scroll of enchant armour {unknown}
 L - a scroll of fog {unknown}
Potions
 c - a potion of ambrosia
 e - 2 potions of cancellation
 j - a potion of attraction
 o - 2 potions of flight
 q - 4 potions of might
 s - a potion of curing
 t - 3 potions of magic
 F - a potion of brilliance {unknown}


   Skills:
 + Level 9.0 Fighting
 + Level 11.1(11.6) Axes
 - Level 5.7(9.1) Maces & Flails
 + Level 7.1 Dodging
 + Level 6.1 Stealth
 + Level 1.0 Evocations


You had 9 spell levels left.
You knew the following spells:

 Your Spells              Type           Power      Damage    Failure   Level
a - Beastly Appendage     Tmut           0%         N/A       36%         1

Your spell library contained the following spells:

 Spells                   Type           Power      Damage    Failure   Level
 Kiss of Death            Conj/Necr      0%         2d5       36%         1
 Lesser Beckoning         Tloc           0%         N/A       50%         2
 Wereblood                Tmut           0%         N/A       50%         2
 Call Canine Familiar     Summ           0%         N/A       75%         3
 Confusing Touch          Hex            0%         N/A       75%         3
 Frozen Ramparts          Ice            0%         1d1       75%         3
 Gell's Gravitas          Tloc           0%         N/A       75%         3
 Portal Projectile        Hex/Tloc       0%         N/A       75%         3
 Spider Form              Tmut/Pois      0%         N/A       75%         3
 Teleport Other           Tloc           0%         N/A       75%         3
 Vhi's Electric Charge    Tloc/Air       0%         N/A       75%         3
 Dispel Undead            Necr           0%         3d6       98%         4
 Ice Form                 Ice/Tmut       0%         N/A       98%         4
 Leda's Liquefaction      Hex/Erth       0%         N/A       98%         4
 Summon Ice Beast         Ice/Summ       0%         N/A       98%         4
 Arcjolt                  Conj/Air       0%         1d10      100%        5
 Dispersal                Tloc           0%         N/A       100%        6
 Plasma Beam              Fire/Air       0%         2x1d11    100%        6
 Malign Gateway           Summ/Tloc      0%         N/A       100%        7
 Summon Horrible Things   Summ           0%         N/A       100%        8


Dungeon Overview and Level Annotations

Branches:
Dungeon (10/15)            Temple (1/1) D:6            Lair (0/5) D:10
    Orc: D:9-12

Altars:
Ashenzari
Cheibriados
Dithmenos
Elyvilon
Gozag
Hepliaklqana
Kikubaaqudgha
Makhleb
Nemelex Xobeh
Okawaru
Qazlal
Ru
Sif Muna
Trog
Uskayaw
Vehumet
Wu Jian
Xom
Yredelemnul
Zin
The Shining One

Shops:
D:1 [   D:9 =

Annotations:
D:10 Sonja


Innate Abilities, Weirdness & Mutations

Your serpentine skin is tough. (AC +3)
You have supernaturally acute eyesight. (SInv)
Armour fits poorly on your strangely shaped body.
Your system is resistant to poisons. (rPois)
You cover ground very slowly.
You can spit poison.
You have a snake-like lower body.


Message History

Aim: a bone dragon (haloed, chance to affect: 2%)
Okay, then.
As you read the scroll of teleportation, it crumbles to dust.
You feel strangely unstable.
You feel the power of the Abyss delaying your translocation!
The ufetubus shouts!
The ufetubus barely misses you. The ufetubus hits you.
The ufetubus hits you but does no damage.
The ufetubus closely misses you. The bone dragon bites you!!
The bone dragon claws you!
The bone dragon tramples you but does no damage.
The ufetubus hits you but does no damage.
The ufetubus misses you.
You hit the ufetubus but do no damage.
You hit the bone dragon but do no damage.
The ufetubus barely misses you. x2
Unknown command.
You slash the ufetubus!
You kill the ufetubus!
You hit the bone dragon. The bone dragon bites you! The bone dragon claws you!
The bone dragon tramples you.
You stumble backwards!
Unknown command.
Unknown command.
The bone dragon attacks as you move away!
The bone dragon completely misses you. The bone dragon claws you.
The bone dragon tramples you!
* * * LOW HITPOINT WARNING * * *
The bone dragon bites you!
* * * LOW HITPOINT WARNING * * *
The bone dragon misses you. The bone dragon tramples you.
* * * LOW HITPOINT WARNING * * *
You stumble backwards!
Unknown command.
The reaper draws a finger across its throat.
The bone dragon bites you.
* * * LOW HITPOINT WARNING * * *
The bone dragon claws you but does no damage.
The bone dragon tramples you!
You die...
Your body crumbles into a pile of gold.

........#.#### #
#..##...#.#.#.# #. .
...#.....###.##.. .
#..##$..###.#....#.#
##....#
......#...... ##
.#.#.§#.#...#....#
#. .# §2..###...# #
#. #.#..D...# ..
##..#.@.#..#
#..#....#
....#.##...# ..##
#.§ ..##.# .#. ###
..# # ... #... ...
...# ... ..#


You could see a bone dragon and a reaper.

Vanquished Creatures
  A two-headed ogre (D:10)
  Joseph (D:7)
  An efreet (Abyss:2)
  An unseen horror (D:10)
  A hornet (D:9)
  A large abomination (Abyss:2)
  17 yaks
  A wyvern (D:9)
  A steam dragon (D:7)
  A wraith (D:9)
  Grum (D:10)
  2 acid dragons (D:9)
  3 water moccasins
  A black bear (D:4)
  2 ice beasts
  2 orc warriors
  An ogre (D:5)
  3 wolves (D:10)
  A centaur (D:10)
  4 phantoms
  6 kobold brigands
  A gnoll sergeant (D:7)
  2 bullfrogs
  5 scorpions
  5 howler monkeys
  A crimson imp (D:4)
  2 jellies (D:5)
  4 orc priests
  2 sleepcaps (D:5)
  8 orc wizards
  2 iguanas (D:5)
  Robin (D:2)
  6 gnolls
  6 adders
  2 shadow imps
  4 white imps
  2 ufetubi
  2 worms
  3 dart slugs
  32 orcs
  4 endoplasms
  7 giant cockroaches
  14 goblins
  12 hobgoblins
  8 jackals
  3 quokkas
  12 ball pythons
  3 bats
  4 frilled lizards
  37 kobolds
  6 rats
252 creatures vanquished.

Vanquished Creatures (others)
  3 plants (D:2)
3 creatures vanquished.

Grand Total: 255 creatures vanquished

Notes
Turn   | Place    | Note
-------+----------+-------------------------------------------
     0 | D:1      | olmar the Naga Monk began the quest for the Orb.
     0 | D:1      | Reached XP level 1. HP: 21/21 MP: 1/1
    84 | D:1      | Found Iskiewa's Antique Armour Boutique.
   173 | D:1      | Reached XP level 2. HP: 18/28 MP: 2/2
   793 | D:1      | Reached XP level 3. HP: 29/34 MP: 3/3
  1209 | D:2      | Noticed Robin
  1228 | D:2      | Killed Robin
  1229 | D:2      | Reached XP level 4. HP: 28/42 MP: 4/4
  2163 | D:3      | HP: 2/44 [gnoll/+0 spear (8)]
  2165 | D:3      | Reached XP level 5. HP: 3/50 MP: 5/5
  2989 | D:4      | Noticed a phantom
  3101 | D:4      | Noticed a water moccasin
  3102 | D:4      | Killed a phantom
  3103 | D:4      | Reached skill level 5 in Maces & Flails
  3103 | D:4      | Reached XP level 6. HP: 33/57 MP: 6/6
  3127 | D:4      | Killed a water moccasin
  3133 | D:4      | Identified the +8 hand axe "Kett" {elec, rElec Will++ MP-9
                  | Str+2}
  3290 | D:4      | Noticed a black bear
  3299 | D:4      | Killed a black bear
  3300 | D:4      | Reached XP level 7. HP: 51/66 MP: 0/7
  3493 | D:4      | Found Zin's Purification Station.
  3493 | D:4      | Found a glowing silver altar of Zin.
  3501 | D:4      | Bought a potion of curing for 90 gold pieces
  3763 | D:4      | Reached skill level 1 in Axes
  3798 | D:5      | Entered Level 5 of the Dungeon
  3920 | D:5      | Reached skill level 5 in Fighting
  3930 | D:5      | Reached skill level 1 in Stealth
  4013 | D:5      | Reached skill level 2 in Axes
  4013 | D:5      | Reached XP level 8. HP: 50/75 MP: 0/8
  4277 | D:5      | Reached skill level 3 in Axes
  4756 | D:6      | Reached skill level 4 in Axes
  4756 | D:6      | Reached skill level 5 in Dodging
  5027 | D:6      | Reached skill level 5 in Axes
  5080 | D:6      | Found a staircase to the Ecumenical Temple.
  5154 | D:6      | Learned a level 1 spell: Beastly Appendage
  5656 | Temple   | Entered the Ecumenical Temple
  5720 | Temple   | Became a worshipper of Gozag Ym Sagoz the Greedy
  5839 | D:7      | Reached XP level 9. HP: 81/85 MP: 0/9
  5941 | D:7      | Reached skill level 6 in Axes
  6059 | D:7      | Reached skill level 7 in Axes
  6322 | D:7      | Noticed Joseph
  6331 | D:7      | Killed Joseph
  6614 | D:7      | Found a shimmering blue altar of Sif Muna.
  6622 | D:7      | Found an ancient bone altar of Kikubaaqudgha.
  6622 | D:7      | Found a basalt altar of Yredelemnul.
  6626 | D:7      | Found a snail-covered altar of Cheibriados.
  6628 | D:7      | Found a bloodstained altar of Trog.
  6671 | D:8      | Reached skill level 8 in Axes
  6671 | D:8      | Reached XP level 10. HP: 87/94 MP: 1/10
  7017 | D:8      | Reached skill level 5 in Stealth
  7538 | D:9      | Reached skill level 9 in Axes
  7753 | D:9      | Bought the ring of Qilobootz {rN+ Dex+6} for 633 gold
                  | pieces
  7994 | D:9      | Reached skill level 10 in Axes
  8307 | D:9      | Reached XP level 11. HP: 104/104 MP: 2/11
  8597 | D:10     | Entered Level 10 of the Dungeon
  8710 | D:10     | Noticed a death yak
  8888 | D:10     | Identified the ring "Sehuubuq" {Contam Will+ rCorr Str+5}
  8933 | D:10     | Identified the +3 rapier "Uniuz" {freeze, *Noise *Slow Fly
                  | rF+++}
  8961 | D:10     | Noticed Grum
  8991 | D:10     | Killed Grum
  9263 | D:10     | Found a staircase to the Lair.
  9263 | D:10     | Noticed a death yak
  9264 | D:10     | Noticed a death yak
  9264 | D:10     | Noticed a death yak
  9264 | D:10     | Noticed a death yak
  9317 | D:10     | Noticed a death yak
  9321 | D:10     | Noticed a death yak
  9551 | D:10     | Noticed a two-headed ogre
  9562 | D:10     | Killed a two-headed ogre
  9563 | D:10     | Reached skill level 11 in Axes
  9580 | D:10     | Noticed Sonja
  9585 | Abyss:2  | Cast into level 2 of the Abyss (Sonja)
  9642 | Abyss:2  | Reached skill level 1 in Evocations
  9654 | Abyss:2  | Noticed a bone dragon
  9665 | Abyss:2  | Noticed a reaper
  9666 | Abyss:2  | Slain by a bone dragon

Illustrated notes

Levels and vault maps discovered:
D:1:      dpeg_arrival_windows_large_door, layout_loops_corners, serial_shops,
          nicolae_shop_tiny_glass, minmay_stone_trees_small
D:2:      cheibrodos_old_hovel, layout_loops_ring, uniq_robin
D:3:      minmay_razor_zed, layout_rooms, grunt_decor_clamped,
          kennysheep_generic_room_16
D:4:      layout_rooms, zin_purify, minmay_statues_item, minmay_fire_ice_demons
D:5:      layout_basic, chequers_serial_rivers_marsh, nicolae_eternal_life,
          nicolae_concentric_dashed_squares_mild
D:6:      layout_loops_ring, temple_statues
D:7:      layout_basic, minitemple, uniq_joseph
D:8:      layout_rooms, minmay_misc_feat_more_columns
D:9:      layout_irregular_city, serial_column_ruins, column_ruins_square_small,
          column_ruins_open_small, column_ruins_columns_T,
          column_ruins_open_tiny, column_ruins_open_small, column_ruins_grid_1,
          column_ruins_grid_1, column_ruins_open_medium
D:10:     layout_roguey, dpeg_lair_monsters, nrook_mini_vaults, uniq_amaemon,
          uniq_grum, uniq_sonja
Temple:   eino_temple_scatter_basement
Abyss:2:  base:
D:9

Skill      XL: |  1  2  3  4  5  6  7  8  9 10 11 |
---------------+----------------------------------+-----
Dodging        | 3 4 5 6 7 |  7.1
Fighting       | 4 5 6 7 8 9 |  9.0
Maces & Flails | 4 5 |  5.7
Axes           | 2 5 8 10 11 | 11.1
Stealth        | 1 3 4 5 6 |  6.1
Evocations     | 1 |  1.0

Action                     |  1- 3 |  4- 6 |  7- 9 | 10-12 || total
---------------------------+-------+-------+-------+-------++-------
  Melee: Mace              |    80 |   122 |       |       ||   202
         Hand axe          |       |    14 |   172 |   190 ||   376
   Cast: Beastly Appendage |       |       |       |     1 ||     1
 Invoke: Call Merchant     |       |       |       |     1 ||     1
Ability: Spit Poison       |    13 |    13 |       |     2 ||    28
  Evoke: Wand              |       |       |       |    12 ||    12
    Use: Scroll            |     4 |     1 |     1 |     6 ||    12
         Potion            |       |     1 |       |     5 ||     6
   Stab: Distracted        |       |       |     1 |     1 ||     2
         Paralysed         |       |       |       |    11 ||    11
 Armour: Robe              |    22 |    53 |    27 |    32 ||   134
         Skin              |       |       |       |    17 ||    17
  Dodge: Dodged            |    47 |   101 |    89 |   118 ||   355
